 Dungeon Crawl Stone Soup version 0.31-a0-675-g238779eb0a (webtiles) character file.

Game seed: 9952448030235973689

5294 bobo the Fighter (level 10, -4/82 HPs)
             Began as a Barachi Hexslinger on Sept 5, 2023.
             Was an Elder of Okawaru.
             Killed by divine providence
             ... invoked by an orc priest
              (11 damage)
             ... on level 10 of the Dungeon on Sept 6, 2023.
             The game lasted 00:41:00 (8619 turns).

bobo the Fighter (Barachi Hexslinger)               Turns: 8619, Time: 00:41:00

Health: -4/82      AC: 13    Str: 10    XL:     10   Next: 63%
Magic:  0/17       EV: 16    Int: 15    God:    Okawaru [****..]
Gold:   492        SH:  0    Dex: 17    Spells: 7/18 levels left

rFire   . . .        B - +3 orcbow
rCold   . . .        (shield currently unavailable)
rNeg    + . .        z - +3 leather armour {Will+}
rPois   .            j - +2 helmet
rElec   .            (no cloak)
rCorr   +            (no gloves)
SInv    .            p - +2 pair of boots
Will    +....        s - amulet of the acrobat
Stlth   +++          g - ring of resist corrosion
HPRegen 0.33/turn    w - ring of positive energy
MPRegen 0.15/turn

%: acrobat
@: heroic, portalling projectiles, slow
A: amphibious, slowness 1, strong legs 1, +LOS
a: Hop, Renounce Religion, Heroism, Finesse


You were on level 10 of the Dungeon.
You worshipped Okawaru.
Okawaru was greatly pleased with you.
You visited 1 branch of the dungeon, and saw 10 of its levels.

You collected 570 gold pieces.
You spent 78 gold pieces at shops.

Inventory:

Hand Weapons
 h - a +0 dagger of draining
 B - a +3 orcbow (weapon)
Missiles
 b - 3 throwing nets
Armour
 j - a +2 helmet (worn)
 p - a +2 pair of boots (worn)
 y - +0 steam dragon scales
 z - a +3 leather armour of willpower (worn)
Jewellery
 g - a ring of resist corrosion (left hand)
 s - an amulet of the acrobat (around neck)
 w - a ring of positive energy (right hand)
Wands
 o - a wand of mindburst (15)
 u - a wand of flame (41)
 v - a wand of roots (7)
Scrolls
 a - a scroll of immolation
 e - a scroll of revelation {unknown}
 i - a scroll of poison
 l - 3 scrolls of teleportation
 q - 2 scrolls of fear
Potions
 c - a potion of lignification {unknown}
 d - 2 potions of curing
 f - a potion of haste {unknown}
 n - 3 potions of mutation
 x - a potion of brilliance {unknown}
 A - 2 potions of attraction


   Skills:
 + Level 8.9(13.9) Fighting
 + Level 8.6(13.6) Ranged Weapons
 - Level 3.1(8.1) Dodging
 + Level 4.9 Spellcasting
 + Level 8.7 Hexes
 - Level 4.0 Translocations
 - Level 4.0 Fire Magic
 - Level 1.3 Invocations


You had 7 spell levels left.
You knew the following spells:

 Your Spells              Type           Power      Damage    Failure   Level
a - Slow                  Hex            100%       N/A       1%          1
b - Cause Fear            Hex            14%        N/A       6%          4
e - Inner Flame           Hex/Fire       22%        N/A       4%          3
z - Portal Projectile     Hex/Tloc       44%        N/A       4%          3

Your spell library contained the following spells:

 Spells                   Type           Power      Damage    Failure   Level
 Scorch                   Fire           30%        2d6       6%          2
 Cigotuvi's Dreadful Rot  Necr/Pois/Air  6%         N/A       32%         2
 Poisonous Vapours        Pois/Air       6%         N/A       32%         2
 Mephitic Cloud           Conj/Pois/Air  3%         N/A       54%         3
 Flame Wave               Conj/Fire      9%         2d6       67%         4
 Dispel Undead            Necr           3%         3d7       91%         4
 Freezing Cloud           Conj/Ice/Air   1%         6-21      99%         5
 Death Channel            Necr           Unusable   N/A       N/A         6
 Summon Cactus Giant      Summ           Unusable   N/A       N/A         6

Dungeon Overview and Level Annotations

Branches:
Dungeon (10/15)            Temple (0/1) D:4
   Lair: D:8-11         Orc: D:9-12

Altars:
Elyvilon
Okawaru

Shops:
D:1 [   D:5 :=   D:6 !

Annotations:
D:3 2 transporters, awesomeguy42's ghost, amateur HuNe


Innate Abilities, Weirdness & Mutations

You are amphibious.
You cover ground slowly.
You can hop short distances.
You have an extended range of vision and can be seen from far away.


Message History

You shoot an arrow.
The arrow closely misses the kobold demonologist.
The arrow hits the kobold.
You kill the kobold!
The smoke demon is engulfed in blazing flames.
The smoke demon gestures at you. The ball of steam hits you!
* * * LOW HITPOINT WARNING * * *
The kobold demonologist hits you but does no damage.
An orc priest comes into view. It is wielding a +0 flail.
Fire: B) +3 orcbow
Press: ? - help, Q - select action, (/) - cycle Shift-Dir - straight line, f/p - kobold demonologist
Aim: a kobold demonologist, wielding a +0 dagger and wearing a +0 robe (almost dead, 62% to hit)
You shoot an arrow.
The arrow closely misses the kobold demonologist.
You are engulfed in a cloud of scalding steam.
* * * LOW HITPOINT WARNING * * *
The smoke demon is engulfed in blazing flames.
The smoke demon hits you but does no damage.
The smoke demon hits you.
* * * LOW HITPOINT WARNING * * *
The smoke demon barely misses you.
The kobold demonologist casts a spell.
You feel better.
You are engulfed in a cloud of scalding steam.
The smoke demon is engulfed in blazing flames.
The smoke demon hits you but does no damage.
The smoke demon barely misses you. The smoke demon completely misses you.
The orc is engulfed in a cloud of scalding steam.
The orc dies!
The kobold brigand is engulfed in a cloud of scalding steam.
The kobold demonologist hits you with a +0 dagger.
* * * LOW HITPOINT WARNING * * *
The orc priest casts a cantrip, but nothing happens.
An orc warrior comes into view. It is wielding a +0 short sword.
An orc warrior comes into view. It is wielding a +0 dire flail.
An orc comes into view. It is wielding a +0 dagger.
The orc priest calls down the wrath of Beogh upon you.
Beogh smites you!
You die...

#....# #.# #. #####....#
#.# #. #........# #.# #.
#....§...# #.###.
.########........# #.##..
o.......#........###.##..
o.)).o5.'§§..........##..
#....☼°K#K§......######..
oo..o°o☼@§§..........>...
#...oK§3######...###..#..
#....oo5 ###..##..#..
#....... #..... #..
#....... #.##. ....
#....... #.#.....##
#....... #.#. ...
#....... ... #.......
....


You could see a kobold demonologist, a smoke demon (summoned), 3 orc warriors, 2
kobold brigands, 3 orc priests, a quasit (summoned), a white imp (summoned) and
4 orcs.

Vanquished Creatures
  A two-headed ogre (D:9)
  2 wyverns
  4 yaks (D:9)
  2 steam dragons
  2 vampire mosquitoes (D:7)
  2 black bears
  An ogre (D:3)
  4 orc warriors
  2 ice beasts (D:6)
  A sky beast (D:6)
  2 centaurs (D:9)
  A phantom (D:4)
  2 kobold brigands
  2 bullfrogs
  2 gnoll sergeants
  2 scorpions (D:5)
  3 wights
  3 killer bees
  A howler monkey (D:6)
  5 jellies
  4 gnoll boudas
  7 orc priests
  2 hounds
  An iguana (D:5)
  Jessica (D:3)
  Ijyb (D:3)
  Terence (D:3)
  8 orc wizards
  28 gnolls
  8 adders
  A white imp (D:5)
  An ufetubus (D:6)
  2 worms
  43 orcs
  7 endoplasms
  12 giant cockroaches
  A goblin (D:2)
  10 hobgoblins
  7 jackals
  17 kobolds
  2 quokkas
  7 ball pythons
  7 bats
  4 frilled lizards
  5 rats
231 creatures vanquished.

Vanquished Creatures (others)
  An orc (D:10)
1 creature vanquished.

Grand Total: 232 creatures vanquished

Notes
Turn   | Place    | Note
-------+----------+-------------------------------------------
     0 | D:1      | bobo the Barachi Hexslinger began the quest for the Orb.
     0 | D:1      | Reached XP level 1. HP: 15/15 MP: 2/2
    38 | D:1      | Found Yzoixtee's Armour Shoppe.
    72 | D:1      | You fall into a shaft and drop 1 floor!
   100 | D:1      | Reached XP level 2. HP: 21/21 MP: 3/3
   212 | D:1      | Found a faded altar of an unknown god.
   222 | D:1      | Prayed at the altar of an unknown god.
   222 | D:1      | Became a worshipper of Warmaster Okawaru
   222 | D:1      | Reached * piety under Okawaru
   388 | D:1      | Reached XP level 3. HP: 18/27 MP: 3/5
  1043 | D:2      | Reached XP level 4. HP: 31/33 MP: 6/6
  1077 | D:2      | Learned a level 3 spell: Inner Flame
  1447 | D:3      | Noticed Terence
  1463 | D:3      | Killed Terence
  1525 | D:3      | Found a transporter.
  1529 | D:3      | Noticed awesomeguy42's ghost (amateur HuNe)
  1543 | D:3      | Found a transporter.
  1590 | D:3      | Reached skill level 1 in Invocations
  1625 | D:2      | Reached XP level 5. HP: 9/38 MP: 7/7
  1897 | D:3      | Noticed Ijyb
  1907 | D:3      | Killed Ijyb
  1936 | D:3      | Noticed Jessica
  1947 | D:3      | Killed Jessica
  1948 | D:3      | Reached skill level 1 in Fire Magic
  2207 | D:3      | Learned a level 3 spell: Portal Projectile
  2216 | D:4      | Noticed an ogre
  2249 | D:3      | Killed an ogre
  2250 | D:3      | Reached XP level 6. HP: 22/47 MP: 7/9
  2401 | D:4      | Reached XP level 7. HP: 42/52 MP: 7/10
  2810 | D:3      | Reached skill level 5 in Ranged Weapons
  2841 | D:4      | Reached ** piety under Okawaru
  3091 | D:4      | Reached skill level 5 in Hexes
  3318 | D:4      | Found a staircase to the Ecumenical Temple.
  3418 | D:5      | Entered Level 5 of the Dungeon
  3557 | D:5      | Reached XP level 8. HP: 61/61 MP: 3/11
  3683 | D:5      | Reached skill level 5 in Fighting
  3984 | D:5      | Found Coczig's Tremendous Tomes.
  4083 | D:5      | Found Junnur's Jewellery Shop.
  4325 | D:6      | Reached skill level 1 in Translocations
  4481 | D:6      | Found Durewkimn's Distillery.
  4492 | D:6      | Bought a potion of degeneration for 13 gold pieces
  4492 | D:6      | Bought a potion of heal wounds for 65 gold pieces
  4904 | D:6      | Reached *** piety under Okawaru
  4910 | D:6      | Learned a level 4 spell: Cause Fear
  5189 | D:7      | Identified the +8 chain mail "Axiczogg" {rF++ rC-}
  5311 | D:7      | Noticed a wyvern
  5342 | D:6      | Reached XP level 9. HP: 21/69 MP: 10/12
  5859 | D:7      | Found a white marble altar of Elyvilon.
  6537 | D:8      | Reached **** piety under Okawaru
  7343 | D:8      | Reached XP level 10. HP: 80/80 MP: 12/14
  7725 | D:9      | Noticed a two-headed ogre
  8419 | D:9      | Killed a two-headed ogre
  8516 | D:10     | Entered Level 10 of the Dungeon
  8602 | D:10     | Noticed a kobold demonologist
  8609 | D:10     | Noticed a smoke demon
  8619 | D:10     | Killed from afar by an orc priest

Illustrated notes

Levels and vault maps discovered:
D:1:      amcnicky_arrival_feature_with_door, layout_basic, serial_shops, shop,
          ebering_ecumenical_altar_rust, minmay_gold_behind_fungi,
          serial_bayou_crossing
D:2:      minmay_roachtagon, layout_rooms
D:3:      layout_rooms, gammafunk_ghost_stat_death,
          amcnicky_mini_rare_corridor_liquid, uniq_ijyb, uniq_terence,
          uniq_jessica
D:4:      layout_basic, minmay_temple_entry_tees
D:5:      layout_rooms, serial_shops, nicolae_shop_just_a_little_nook,
          dk_noncrumbling_2, nicolae_shop_i_like_big_books
D:6:      layout_rooms, serial_shops, shop
D:7:      layout_rooms, elyvilon_altar_1, kennysheep_another_room
D:8:      layout_loops_cross
D:9:      layout_small_grid
D:10:     layout_basic, lair_entry_dummy, david_orc_3,
          hangedman_abyss_or_decor_stabs, st_stairs_7,
          nicolae_shop_sticking_my_neck_out, uniq_harold

Skill      XL: |  1  2  3  4  5  6  7  8  9 10 |
---------------+-------------------------------+-----
Fighting       | 2 3 4 6 7 8 |  8.9
Ranged Weapons | 3 4 5 6 7 8 |  8.6
Invocations    | 1 |  1.3
Spellcasting   | 2 3 4 |  4.9
Dodging        | 3 |  3.1
Fire Magic     | 1 3 4 |  4.0
Hexes          | 4 5 6 7 8 |  8.7
Translocations | 2 4 |  4.0

Action                     |  1- 3 |  4- 6 |  7- 9 | 10-12 || total
---------------------------+-------+-------+-------+-------++-------
  Melee: Sling             |       |       |     6 |       ||     6
   Fire: Sling             |   129 |   160 |   576 |    37 ||   902
         Orcbow            |       |       |       |    72 ||    72
   Cast: Slow              |    14 |    16 |    48 |    11 ||    89
         Inner Flame       |       |     3 |    27 |     9 ||    39
         Portal Projectile |       |       |     7 |     1 ||     8
 Invoke: Heroism           |     1 |     2 |     5 |     2 ||    10
Ability: Hop               |     1 |     4 |     6 |     1 ||    12
  Evoke: Wand              |       |       |     1 |       ||     1
    Use: Scroll            |       |     6 |     4 |    10 ||    20
         Potion            |       |       |     1 |     3 ||     4
 Armour: Robe              |    26 |    63 |   136 |       ||   225
         Leather armour    |       |     4 |    93 |    65 ||   162
  Dodge: Dodged            |    60 |    82 |   256 |    64 ||   462

Table legend: (Time is in decaauts)
 A = Elapsed time spent in this place.
 B = Non-inter-level travel time spent in this place.
 C = Inter-level travel time spent in this place.
 D = Time resting spent in this place.
 E = Time spent auto-exploring this place.
 F = Levels seen in this place.
 G = Mean time per level.
                   A        B        C        D        E       F      G
               +--------+--------+--------+--------+--------+-----+--------+
         Total |   9674 |   8816 |    858 |   1353 |   5052 |  10 |  967.4 |
       Dungeon |   9674 |   8816 |    858 |   1353 |   5052 |  10 |  967.4 |
               +--------+--------+--------+--------+--------+-----+--------+

Top non-repeatable levels by time:
     D:3: 1311 daAuts
     D:8: 1232 daAuts
     D:6: 1177 daAuts
     D:9: 1143 daAuts
     D:7: 1068 daAuts
     D:4: 1003 daAuts
     D:1: 938 daAuts
     D:5: 851 daAuts
     D:2: 830 daAuts
    D:10: 117 daAuts
